 Seeded DCSS version 0.28.0-62-gf88900778d (webtiles) character file.

Game seed: 6652734874546685307 (custom seed)

131 cbfl8 the Skirmisher (level 4, -5/40 HPs)
             Began as a Minotaur Fighter on June 30, 2023.
             Killed from afar by an orc wizard (9 damage)
             ... with a puff of flame
             ... on level 3 of the Dungeon.
             The game lasted 00:01:37 (2305 turns).

cbfl8 the Skirmisher (Minotaur Fighter)             Turns: 2305, Time: 00:01:38

Health: -5/40      AC:  9    Str: 27    XL:     4   Next: 91%
Magic:  3/3        EV:  8    Int:  5    God:
Gold:   64         SH:  0    Dex: 11    Spells: 3/3 levels left

rFire   . . .      SeeInvis .   a - +0 war axe
rCold   . . .      Faith    .   c - +0 buckler
rNeg    . . .      Spirit   .   i - +0 chain mail
rPois   .          Reflect  .   (helmet restricted)
rElec   .          Harm     .   (no cloak)
rCorr   .          Rampage  .   (no gloves)
Will    .....                   (no boots)
Stlth   ..........              (no amulet)
HPRegen 0.13/turn               e - +6 ring of strength
MPRegen 0.08/turn               (no ring)

@: confused
A: horns 2, retaliatory headbutt
a: no special abilities


You were on level 3 of the Dungeon.
You visited 1 branch of the dungeon, and saw 3 of its levels.

You collected 100 gold pieces.
You spent 36 gold pieces at shops.

Inventory:

Hand Weapons
 a - a +0 war axe (weapon)
Armour
 c - a +0 buckler (worn)
 i - a +0 chain mail (worn)
 m - a +0 pair of gloves
Jewellery
 e - a +6 ring of strength (left hand)
Scrolls
 b - a scroll of fog
 j - a scroll of silence {unknown}
 k - a scroll of noise {unknown}
 l - a scroll of identify
Potions
 d - 2 potions of might
 f - 5 potions of curing
 g - a potion of ambrosia {unknown}
 h - 2 potions of heal wounds {unknown}


   Skills:
 + Level 4.2 Fighting
 * Level 3.8 Axes
 + Level 4.1 Armour
 * Level 1.4 Dodging
 * Level 1.1 Stealth
 + Level 3.9 Shields
 * Level 1.0 Invocations
 * Level 1.0 Evocations


You had 3 spell levels left.
You didn't know any spells.
Your spell library was empty.

Dungeon Overview and Level Annotations

Branches:
Dungeon (3/15)

Altars:
Elyvilon
Xom

Shops:
D:2 !


Innate Abilities, Weirdness & Mutations

You have a pair of horns on your head.
You reflexively headbutt those who attack you in melee.


Message History

You closely miss the orc. You block the orc's attack.
The orc barely misses you.
Your Invocations skill increases to level 1!
Your Evocations skill increases to level 1!
You slash something! You hit the orc.
You kill the orc!
You closely miss the orc. You block the orc's attack.
You hear some strange, mumbled words.
Something tries to affect you, but you resist.
You miss something. You barely miss the orc.
The orc hits you with a +0 hand axe.
You hear some strange, mumbled words.
You are confused.
Something hits you but does no damage.
You closely miss the orc. You completely miss something.
The orc hits you with a +0 hand axe. Something hits you but does no damage.
The orc closely misses you.
You completely miss the orc. You barely miss something.
Something hits you but does no damage. The orc barely misses you.
You hear some strange, mumbled words.
You are more confused.
The orc hits you with a +0 hand axe.
You completely miss something. You hit the orc.
You hear some strange, mumbled words.
You are more confused.
The orc barely misses you.
You hear some strange, mumbled words.
A puff of flame appears from out of thin air!
The puff of flame hits you!
* * * LOW HITPOINT WARNING * * *
You bump into the rock wall.
The orc hits you with a +0 hand axe.
* * * LOW HITPOINT WARNING * * *
Something hits you but does no damage.
You bump into the rock wall.
The orc hits you but does no damage. Something hits you but does no damage.
You bump into the rock wall.
The orc hits you but does no damage.
You hear some strange, mumbled words.
A puff of flame appears from out of thin air!
The puff of flame hits you!
You die...

#.# #.# ## #.# ##
#.# ######### #.#
#.......# #.#
#.#####.#######.#
#.#
#.........######
#.#
####...###@†...#
#.# #...#
#o{...##.
#.###### #...#
#.).......
.......###...#
#.).......
..#.##.......#
#....<....
..#..........#
#.........
..#......<...#
#.#.......
......)......#
#.#.......
.##..........#
..........


You could see an orc.

Vanquished Creatures
  An orc wizard (D:3)
  Robin (D:2)
  2 adders (D:2)
  2 worms (D:2)
  An orc (D:3)
  4 endoplasms
  2 giant cockroaches
  12 goblins
  9 hobgoblins
  4 jackals (D:2)
  5 kobolds
  3 quokkas
  7 ball pythons
  5 bats
  5 frilled lizards
  5 rats
68 creatures vanquished.

Notes
Turn   | Place    | Note
-------+----------+-------------------------------------------
     0 | D:1      | cbfl8 the Minotaur Fighter began the quest for the Orb.
     0 | D:1      | Reached XP level 1. HP: 19/19 MP: 0/0
   170 | D:1      | Reached XP level 2. HP: 27/27 MP: 1/1
   221 | D:1      | Found a faded altar of an unknown god.
   607 | D:1      | Prayed at the altar of an unknown god.
   607 | D:1      | Became a worshipper of Elyvilon the Healer
   607 | D:1      | Reached * piety under Elyvilon
   618 | D:1      | Fell from the grace of Elyvilon
   827 | D:2      | Reached XP level 3. HP: 26/33 MP: 2/2
   958 | D:2      | Found a shimmering altar of Xom.
   993 | D:2      | Reached skill level 1 in Dodging
  1329 | D:2      | Noticed Robin
  1337 | D:2      | Reached skill level 1 in Stealth
  1340 | D:2      | Reached XP level 4. HP: 20/40 MP: 3/3
  1344 | D:2      | Killed Robin
  1763 | D:2      | Found Kasukam's Distillery.
  1786 | D:2      | Bought a potion of curing for 36 gold pieces
  2295 | D:3      | Reached skill level 1 in Invocations
  2295 | D:3      | Reached skill level 1 in Evocations
  2305 | D:3      | Killed from afar by an orc wizard

Illustrated notes

Levels and vault maps discovered:
D:1:      wander_arrival_lonely_grave, layout_basic,
          chequers_ecumenical_altar_island, moated_statue, minmay_box_of_dots
D:2:      layout_loops_corners, basic_altar, serial_shops, shop,
          minmay_diced_spiral, uniq_robin
D:3:      layout_rooms, serial_co_window_serial, co_window_paths_a,
          co_window_paths_a, co_window_corner_a, co_window_cross_1,
          co_window_paths_b, co_window_unsneaky_path_d, co_window_corner_b,
          co_window_broadway_c, co_window_broadway_a, co_window_2corner,
          co_window_unsneaky_path_d, glass_columns_b, glass_columns_b,
          glass_columns_a, glass_columns_a, minivault_27, corexii_shack

Skill      XL: |  1  2  3  4 |
---------------+-------------+-----
Dodging        | 1 |  1.4
Axes           | 3 |  3.8
Fighting       | 4 |  4.2
Stealth        | 1 |  1.1
Armour         | 4 |  4.1
Invocations    | 1 |  1.0
Evocations     | 1 |  1.0
Shields        | |  3.9

Action                   |  1- 3 |  4- 6 || total
-------------------------+-------+-------++-------
Melee: War axe           |    56 |    54 ||   110
       Headbutt          |     8 |     8 ||    16
Invok: Renounce Religion |     1 |       ||     1
  Use: Scroll            |     2 |       ||     2
Armor: Scale mail        |     4 |       ||     4
       Chain mail        |    26 |    36 ||    62
Dodge: Dodged            |    22 |    22 ||    44
Block: Buckler           |     9 |     9 ||    18
